 Dungeon Crawl Stone Soup version 0.23.2-33-g5129a83184 (webtiles) character file.

Game seed: 10235409644367311280

198 Folque the Sneak (level 5, -1/45 HPs)
             Began as a Naga Warper on July 14, 2019.
             Slain by an orc
             ... wielding a +1 dagger of electrocution
              (11 damage)
             ... on level 2 of the Dungeon.
             The game lasted 00:10:16 (2875 turns).

Folque the Sneak (Naga Warper)                      Turns: 2875, Time: 00:10:17

Health: -1/45      AC:  4    Str: 14    XL:     5   Next: 76%
Magic:  1/9        EV:  9    Int: 13    God:
Gold:   78         SH:  0    Dex: 11    Spells: 3/10 levels left

rFire    . . .     SeeInvis +   a - +0 short sword
rCold    . . .     Gourm    .   (no shield)
rNeg     . . .     Faith    .   b - +1 leather armour
rPois    +         Spirit   .   (no helmet)
rElec    .         Reflect  .   (no cloak)
rCorr    .         Harm     .   (no gloves)
MR       .....                  (no barding)
Stlth    +++.......             (no amulet)
HPRegen  0.15/turn              (no ring)
MPRegen  0.11/turn              (no ring)

@: shrouded (expiring), very slow
A: large, see invisible, deformed body, poison resistance, slowness 2, slow
metabolism 1, spit poison 1, AC +1
a: Spit Poison


You were on level 2 of the Dungeon.
You were not hungry.

You visited 1 branch of the dungeon, and saw 3 of its levels.

You collected 78 gold pieces.

Inventory:

Hand Weapons
 a - a +0 short sword (weapon)
 n - a cursed +0 short sword
Missiles
 e - 4 tomahawks of dispersal (quivered)
 m - 6 needles of paralysis
Armour
 b - a +1 leather armour (worn)
Scrolls
 d - 2 scrolls of blinking
 g - 2 scrolls of identify {unknown}
 h - a scroll of fear {unknown}
 i - a scroll of teleportation
 k - a scroll of remove curse
Potions
 c - 2 potions of lignification {unknown}
 j - a potion of curing
 l - a potion of brilliance {unknown}
Comestibles
 f - 4 rations
 o - 4 chunks of flesh


   Skills:
 - Level 2.0 Fighting
 - Level 3.0 Short Blades
 - Level 0.8 Throwing
 - Level 0.7 Armour
 - Level 1.5 Dodging
 * Level 5.3 Stealth
 - Level 3.0 Spellcasting
 + Level 3.7 Translocations


You had 3 spell levels left.
You knew the following spells:

 Your Spells              Type           Power        Failure   Level  Hunger
a - Blink                 Tloc           N/A          10%         2    ###....
b - Shroud of Golubria    Chrm/Tloc      #.........   21%         2    ###....
c - Gell's Gravitas       Tloc           ##........   19%         3    ###....

Your spell library contained the following spells:

 Spells                   Type           Power        Failure   Level  Hunger
 Lesser Beckoning         Tloc           ##........   19%         3    ###....
 Teleport Other           Tloc           ##......     19%         3    ###....
 Passage of Golubria      Tloc           N/A          52%         4    #####..


Dungeon Overview and Level Annotations

Branches:
Dungeon (3/15)

Altars:
Fedhas
Okawaru
Ru
Yredelemnul


Innate Abilities, Weirdness & Mutations

You cannot wear boots.
Your serpentine skin is tough. (AC +1)
You have supernaturally acute eyesight. (SInv)
Armour fits poorly on your strangely shaped body.
Your system is resistant to poisons. (rPois)
You cover ground very slowly.
You have a slow metabolism.
You can spit poison.


Message History

* * * LOW HITPOINT WARNING * * *
The giant cockroach bites you but does no damage.
You barely miss the giant cockroach.
The giant cockroach is moderately wounded.
Your shroud bends the giant cockroach's attack away.
You closely miss the giant cockroach.
The giant cockroach is moderately wounded.
The giant cockroach barely misses you.
You hit the giant cockroach but do no damage.
The giant cockroach is moderately wounded.
The giant cockroach bites you but does no damage.
You closely miss the giant cockroach.
The giant cockroach is moderately wounded.
Your shroud begins to fray at the edges.
The giant cockroach completely misses you.
You hit the giant cockroach.
You kill the giant cockroach!
You closely miss the orc. The orc hits you but does no damage.
You are electrocuted!
You die...

#.####(..............
#...##.#########..###
#....)..#...).....###
#....#..#.###.......#
#.##.#..#'###._..._.#
#.##.#...............
#.#.<#...)......⌠....
#.####...>...........
#...@o....÷..._..._..
######).....#.......#
########........
#########


You could see an orc.

Vanquished Creatures
  An orc priest (D:3)
  Jessica (D:2)
  6 adders
  An ooze (D:1)
  A worm (D:2)
  2 dart slugs (D:1)
  2 leopard geckos (D:2)
  3 orcs
  15 bats
  4 giant cockroaches
  10 goblins
  9 hobgoblins
  11 kobolds
  A quokka (D:2)
  A ball python (D:2)
  A frilled lizard (D:2)
  3 rats (D:1)
72 creatures vanquished.

Notes
Turn   | Place    | Note
-------+----------+-------------------------------------------
     0 | D:1      | Folque the Naga Warper began the quest for the Orb.
     0 | D:1      | Reached XP level 1. HP: 19/19 MP: 3/3
   256 | D:1      | Reached XP level 2. HP: 22/26 MP: 5/5
   268 | D:1      | Learned a level 2 spell: Blink
   271 | D:1      | Learned a level 2 spell: Shroud of Golubria
   619 | D:1      | Reached skill level 1 in Stealth
   718 | D:1      | Reached XP level 3. HP: 31/32 MP: 1/7
   898 | D:1      | Reached skill level 2 in Stealth
  1071 | D:1      | Learned a level 3 spell: Gell's Gravitas
  1517 | D:2      | Reached XP level 4. HP: 35/39 MP: 5/8
  1541 | D:2      | Found a blossoming altar of Fedhas.
  1542 | D:2      | Found an iron altar of Okawaru.
  1547 | D:2      | Found a basalt altar of Yredelemnul.
  1547 | D:2      | Found a sacrificial altar of Ru.
  1585 | D:2      | Reached skill level 3 in Stealth
  1686 | D:2      | Noticed Jessica
  1701 | D:2      | Killed Jessica
  1988 | D:2      | Reached XP level 5. HP: 45/45 MP: 9/9
  2077 | D:2      | Reached skill level 4 in Stealth
  2850 | D:3      | Reached skill level 5 in Stealth
  2859 | D:2      | HP: 2/45 [giant cockroach (1)]
  2875 | D:2      | Slain by an orc

Skill      XL: |  1  2  3  4  5 |
---------------+----------------+-----
Stealth        | 1 2 3 5 |  5.3
Spellcasting   | 3 |  3.0
Short Blades   | 3 |  3.0
Fighting       | |  2.0
Throwing       | |  0.8
Armour         | |  0.7
Dodging        | |  1.5
Translocations | |  3.7

Action                   |  1- 3 |  4- 6 || total
-------------------------+-------+-------++-------
Melee: Short sword       |   191 |   205 ||   396
Throw: Tomahawk          |       |     1 ||     1
 Cast: Shroud of Golubri |     9 |    17 ||    26
       Blink             |     1 |     1 ||     2
       Gell's Gravitas   |       |     2 ||     2
  Use: Scroll            |     5 |       ||     5
       Potion            |       |     1 ||     1
 Stab: Sleeping          |       |     3 ||     3
  Eat: Chunk             |     2 |     5 ||     7
Armor: Leather armour    |    76 |    86 ||   162
Dodge: Dodged            |   107 |   153 ||   260
